 Dungeon Crawl Stone Soup version 0.31-a0-231-g51bb95cda3 (webtiles) character file.

Game seed: 2803087467659231724

23 qw the Shooter (level 3, -3/21 HPs)
             Began as a Gargoyle Hexslinger on July 6, 2023.
             Slain by a worm (8 damage)
             ... on level 2 of the Dungeon.
             The game lasted 00:00:19 (889 turns).

qw the Shooter (Gargoyle Hexslinger)                 Turns: 889, Time: 00:00:20

Health: -3/21      AC:  6    Str: 11    XL:     3   Next: 0%
Magic:  4/4        EV: 11    Int: 13    God:
Gold:   26         SH:  0    Dex: 14    Spells: 3/4 levels left

rFire   . . .        Y - +1 sling
rCold   . . .        (no shield)
rNeg    + . .        g - +0 leather armour
rPois   inf          (no helmet)
rElec   +            (no cloak)
rCorr   .            (no gloves)
SInv    .            (no boots)
Will    .....        (no amulet)
Stlth   +            (no ring)
HPRegen 0.23/turn    (no ring)
MPRegen 0.09/turn

%: no passive effects
@: no status effects
A: sickness immunity, AC +3, negative energy resistance 1, electricity
resistance, torment resistance 1, petrification resistance
a: no special abilities


You were on level 2 of the Dungeon.
You visited 1 branch of the dungeon, and saw 2 of its levels.

You collected 26 gold pieces.


Innate Abilities, Weirdness & Mutations

You are immune to sickness and miasma.
Your stone body is resilient. (AC +3)
You are immune to poison.
You resist negative energy. (rN+)
You are resistant to electric shocks. (rElec)
You are resistant to unholy torment.
You are immune to petrification.


   Skills:
 + Level 1.8 Fighting
 - Level 3.0 Ranged Weapons
 - Level 1.5 Dodging
 - Level 1.0 Spellcasting
 - Level 2.6 Hexes


You had 3 spell levels left.
You knew the following spells:

 Your Spells              Type           Power      Damage    Failure   Level
a - Slow                  Hex            28%        N/A       12%         1

Your spell library contained the following spells:

 Spells                   Type           Power      Damage    Failure   Level
 Inner Flame              Hex/Fire       4%         N/A       54%         3
 Portal Projectile        Hex/Tloc       8%         N/A       54%         3
 Cause Fear               Hex            3%         N/A       77%         4

Inventory:

Hand Weapons
 Y - a +1 sling (weapon)
Armour
 b - a +0 pair of gloves
 g - a +0 leather armour (worn)
Scrolls
 a - a scroll of torment {unknown}

Dungeon Overview and Level Annotations

Branches:
Dungeon (2/15)

Altars:

Shops:
D:1 *


Message History

You shoot a sling bullet.
The sling bullet completely misses the adder.
The adder bites you but does no damage. x2
You shoot a sling bullet. The sling bullet misses the adder.
The adder completely misses you. The adder barely misses you.
You shoot a sling bullet.
The sling bullet barely misses the adder.
The adder bites you but does no damage.
You shoot a sling bullet.
The sling bullet hits the adder but does no damage.
The adder is lightly wounded.
The adder bites you but does no damage. The adder closely misses you.
You shoot a sling bullet.
The sling bullet hits the adder but does no damage.
The adder bites you but does no damage.
You shoot a sling bullet. The sling bullet misses the adder.
The adder bites you. The adder bites you but does no damage.
The worm closely misses you.
You shoot a sling bullet. The sling bullet hits the adder.
The adder is heavily wounded.
The adder bites you but does no damage. The worm bites you but does no damage.
The adder bites you but does no damage.
You shoot a sling bullet. The sling bullet hits the adder!
The adder is almost dead.
The adder bites you but does no damage.
You shoot a sling bullet.
The sling bullet barely misses the adder.
The adder misses you. The worm bites you! The adder closely misses you.
You shoot a sling bullet.
The sling bullet barely misses the adder.
The adder closely misses you. The worm bites you. The adder closely misses you.
You shoot a sling bullet.
The sling bullet barely misses the adder.
The adder bites you but does no damage. The worm bites you.
You shoot a sling bullet.
The sling bullet closely misses the adder.
The adder misses you. The adder barely misses you.
You shoot a sling bullet. The sling bullet misses the adder.
The adder bites you but does no damage. The worm bites you!
You die...

..?. .##... .... .......
. ... ....... .. ..#
...#... ... ..#.....#.
#.......... .........
#.........######........
............#...@w....?.
#.........#...##.S.##...
#.........###....#..#
#...[.....###....#...#
#........##...#.# #...
#....<.....#.#... #..#
###.....####.##..# ...
#<..#.# ..# #.# ..
##..##.. ## ..


You could see a worm and an adder.

Vanquished Creatures
  A dart slug (D:1)
  3 ball pythons (D:1)
  3 bats (D:1)
  5 endoplasms (D:1)
  2 giant cockroaches (D:1)
  2 goblins (D:1)
  A kobold (D:1)
  A frilled lizard (D:1)
  A rat (D:1)
19 creatures vanquished.

Notes
Turn   | Place    | Note
-------+----------+-------------------------------------------
     0 | D:1      | qw the Gargoyle Hexslinger began the quest for the Orb.
     0 | D:1      | Reached XP level 1. HP: 12/12 MP: 2/2
     0 | D:1      | 0 ||| qw: Version: 0.3-a-46-gb1f654a
     0 | D:1      | 0 ||| qw: Game counter: 1890
     0 | D:1      | 0 ||| qw: Melee chars always use a shield: true
     0 | D:1      | 0 ||| qw: God list: Okawaru
     0 | D:1      | 0 ||| qw: Allow faded altars: false
     0 | D:1      | 0 ||| qw: Do Orc after clearing Dungeon:15 true
     0 | D:1      | 0 ||| qw: Do second Lair branch before Depths: true
     0 | D:1      | 0 ||| qw: Lair rune preference: random
     0 | D:1      | 0 ||| qw: Goals: Normal
     0 | D:1      | 0 ||| PLANNING D:1-11
   140 | D:1      | Reached XP level 2. HP: 16/16 MP: 3/3
   158 | D:1      | Found Votwoec's General Store.
   174 | D:1      | 174 ||| SHOPLISTING +0 leather armour (28 gold, have 8).
   174 | D:1      | 174 ||| SHOPLISTING potion of mutation (112 gold, have 8).
   217 | D:1      | Reached skill level 3 in Ranged Weapons
   655 | D:1      | Reached XP level 3. HP: 21/21 MP: 4/4
   685 | D:1      | 685 ||| UPGRADING to +0 leather armour.
   695 | D:1      | 695 ||| DROPPING +0 robe.
   696 | D:1      | 696 ||| DROPPING amulet of magic regeneration.
   697 | D:1      | 697 ||| READING scroll labelled EMELYODI WEIPSIE.
   698 | D:1      | 698 ||| READING scroll labelled BASTAO JILIC BEU.
   799 | D:1      | 799 ||| READING 2 scrolls labelled MUENEVAMAA.
   800 | D:1      | 800 ||| READING scroll labelled QUMMY DIENI.
   801 | D:1      | 801 ||| DROPPING scroll of poison.
   802 | D:1      | 802 ||| DROPPING scroll of blinking.
   887 | D:2      | HP: 4/21 [worm (4)]
   889 | D:2      | Slain by a worm

Levels and vault maps discovered:
D:1:      dpeg_arrival_central, layout_basic, serial_shops, shop
D:2:      layout_rooms, basic_altar

Skill      XL: |  1  2 |
---------------+-------+-----
Ranged Weapons | 3 |  3.0
Fighting       | |  1.8
Dodging        | |  1.5
Spellcasting   | |  1.0
Hexes          | |  2.6

Action                     || total
---------------------------++-------
   Fire: Sling             ||    79
    Use: Scroll            ||     4
 Armour: Robe              ||     6
         Leather armour    ||    12
  Dodge: Dodged            ||    24

Table legend:
 A = Non-vault XP
 B = Vault XP
 C = Vault XP percentage of total XP
 D = Non-vault monster count
 E = Vault monster count
 F = Vault count percentage of total count
                 A         B        C        D         E       F
            +---------+---------+-------+---------+---------+-------
      Total |      34 |       0 |   0.0 |      19 |       0 |   0.0
            +---------+---------+-------+---------+---------+-------
        D:1 |      34 |       0 |   0.0 |      19 |       0 |   0.0
            +---------+---------+-------+---------+---------+-------
